 Dungeon Crawl Stone Soup version 0.27-a0-1196-g3e9cee4cb2 (webtiles) character file.

Game seed: 16165053120612522089

135 bande the Shield-Bearer (level 5, -6/33 HPs)
             Began as a Gargoyle Fighter on May 30, 2021.
             Splashed by Ijyb's acid (16 damage)
             ... on level 3 of the Dungeon.
             The game lasted 00:03:51 (2307 turns).

bande the Shield-Bearer (Gargoyle Fighter)          Turns: 2307, Time: 00:03:52

Health: -6/33      AC: 10    Str: 19    XL:     5   Next: 18%
Magic:  5/5        EV:  7    Int:  9    God:
Gold:   58         SH:  9    Dex: 10    Spells: 4/4 levels left

rFire    . . .     SeeInvis .   a - +0 war axe
rCold    . . .     Faith    .   c - +0 kite shield
rNeg     + . .     Spirit   .   b - +0 scale mail
rPois    ∞         Reflect  .   f - +2 helmet
rElec    +         Harm     .   (no cloak)
rCorr    .         Rampage  .   (no gloves)
Will     .....                  (no boots)
Stlth    ..........             (no amulet)
HPRegen  0.11/turn              (no ring)
MPRegen  0.09/turn              (no ring)

@: corroded
A: sickness immunity, AC +4, negative energy resistance 1, electricity
resistance, torment resistance 1, petrification resistance
a: no special abilities


You were on level 3 of the Dungeon.
You visited 1 branch of the dungeon, and saw 3 of its levels.

You collected 58 gold pieces.

Inventory:

Hand Weapons
 a - a +0 war axe (weapon)
Armour
 b - a +0 scale mail (worn)
 c - a +0 kite shield (worn)
 f - a +2 helmet (worn)
Scrolls
 e - a scroll of identify
 i - a scroll of fog
Potions
 d - a potion of might
 g - a potion of curing {unknown}
 h - 2 potions of lignification {unknown}


   Skills:
 + Level 3.8 Fighting
 + Level 3.4 Axes
 + Level 3.8 Armour
 + Level 0.2 Dodging
 + Level 4.2 Shields


You had 4 spell levels left.
You didn't know any spells.
Your spell library was empty.

Dungeon Overview and Level Annotations

Branches:
Dungeon (3/15)

Altars:
Elyvilon
Hepliaklqana

Annotations:
D:3 Ijyb


Innate Abilities, Weirdness & Mutations

You are immune to sickness and miasma.
Your stone body is resilient. (AC +4)
You are immune to poison.
You resist negative energy. (rN+)
You are resistant to electric shocks. (rElec)
You are resistant to unholy torment.
You are immune to petrification.


Message History

You slash the worm!
You kill the worm!
You block the adder's attack.
You barely miss the adder. You block the adder's attack.
The adder closely misses you.
You miss the adder. The adder barely misses you. x2
You closely miss the adder. The adder bites you but does no damage.
You block the adder's attack.
You hit the adder.
The adder is heavily wounded.
You block the adder's attack. x2
You barely miss the adder.
The adder is heavily wounded.
The adder bites you. You block the adder's attack.
You closely miss the adder.
The adder is heavily wounded.
You block the adder's attack. x2
You miss the adder.
The adder is heavily wounded.
The adder barely misses you. The adder closely misses you.
You hit the adder.
The adder is almost dead.
The adder barely misses you. The adder bites you but does no damage.
You closely miss the adder.
The adder is severely wounded.
The adder bites you but does no damage. Ijyb screams, "I dance on your bones!"
You block the adder's attack.
You slash the adder!
You kill the adder!
Ijyb screams, "No!
No, no, no, no!"
You block the orc's attack.
You completely miss the orc. The orc hits you with a +0 war axe.
You closely miss the orc. You block the orc's attack.
The orc barely misses you.
You closely miss the orc.
Ijyb zaps a wand.
The bolt of acid hits the orc!!
The orc is splashed with acid!
The orc dies!
The bolt of acid hits you! The acid corrodes you!
You are splashed with acid!
You die...

... #.....[###
#.##.# ..
#####.## #....#
..
#######.######..#
.
................#
#
#.......######..#
#.####### #..##
#...# ###.#.####
#.@.......#
#)###+###.# ..g
##.. ##. #. #. #.


You could see Ijyb.

Vanquished Creatures
  Robin (D:2)
  3 gnolls (D:1)
  3 adders
  A worm (D:3)
  A dart slug (D:1)
  3 ball pythons
  5 endoplasms (D:1)
  2 giant cockroaches
  13 goblins
  5 hobgoblins
  8 jackals
  3 kobolds
  A quokka (D:2)
  4 bats
  2 frilled lizards (D:1)
  3 rats
58 creatures vanquished.

Vanquished Creatures (others)
  An orc (D:3)
1 creature vanquished.

Grand Total: 59 creatures vanquished

Notes
Turn   | Place    | Note
-------+----------+-------------------------------------------
     0 | D:1      | bande the Gargoyle Fighter began the quest for the Orb.
     0 | D:1      | Reached XP level 1. HP: 14/14 MP: 1/1
   154 | D:1      | Reached XP level 2. HP: 12/19 MP: 2/2
   571 | D:1      | Reached XP level 3. HP: 23/24 MP: 3/3
   835 | D:2      | Reached skill level 4 in Shields
   959 | D:2      | Found a faded altar of an unknown god.
  1200 | D:2      | Reached XP level 4. HP: 29/29 MP: 4/4
  1716 | D:2      | Noticed Robin
  1727 | D:2      | Killed Robin
  1728 | D:2      | Reached XP level 5. HP: 31/33 MP: 5/5
  1915 | D:2      | Found a hazy altar of Hepliaklqana.
  2261 | D:3      | Found a white marble altar of Elyvilon.
  2291 | D:3      | Noticed Ijyb
  2307 | D:3      | Splashed by Ijyb's acid

Illustrated notes

Levels and vault maps discovered:
D:1:      eino_arrival_water_cross, layout_basic
D:2:      layout_basic, hellmonk_ecumenical_altar_lost_god, basic_altar,
          uniq_robin, uniq_terence
D:3:      minmay_evil_eye, layout_loops_ring, kiku_gazebo_garden_becter,
          nicolae_elyvilon_peaceful_grove, lemuel_doored_altar, okawaru_trees_2,
          uniq_ijyb, uniq_sigmund, uniq_grinder

Skill      XL: |  1  2  3  4 |
---------------+-------------+-----
Axes           | 2 3 |  3.4
Shields        | 4 |  4.2
Fighting       | |  3.8
Armour         | |  3.8
Dodging        | |  0.2

Action                   |  1- 3 |  4- 6 || total
-------------------------+-------+-------++-------
Melee: War axe           |    87 |    74 ||   161
  Use: Scroll            |     3 |     1 ||     4
Armor: Scale mail        |    58 |    64 ||   122
Dodge: Dodged            |    24 |    33 ||    57
Block: Kite shield       |    64 |    59 ||   123

Table legend: (Time is in decaauts)
 A = Elapsed time spent in this place.
 B = Non-inter-level travel time spent in this place.
 C = Inter-level travel time spent in this place.
 D = Time resting spent in this place.
 E = Time spent auto-exploring this place.
 F = Levels seen in this place.
 G = Mean time per level.
                   A        B        C        D        E       F      G
               +--------+--------+--------+--------+--------+-----+--------+
         Total |   2405 |   2405 |      0 |    272 |   1596 |   3 |  801.7 |
       Dungeon |   2405 |   2405 |      0 |    272 |   1596 |   3 |  801.7 |
               +--------+--------+--------+--------+--------+-----+--------+

Top non-repeatable levels by time:
     D:1: 1173 daAuts
     D:2: 1151 daAuts
     D:3: 80 daAuts
